 Dungeon Crawl Stone Soup version 0.29.1-2-gbd0b4ee654 (webtiles) character file.

Game seed: 4682739670820083005

48 zeram the Caller (level 3, 0/31 HPs)
             Began as a Troll Summoner on Nov 10, 2022.
             Slain by an adder (2 damage)
             ... on level 2 of the Dungeon.
             The game lasted 00:02:40 (1228 turns).

zeram the Caller (Troll Summoner)                   Turns: 1228, Time: 00:02:40

Health: 0/31       AC:  5    Str: 14 (16) XL:     3   Next: 50%
Magic:  2/4        EV:  9    Int: 10 (13) God:
Gold:   61         SH:  0    Dex:  8 (10) Spells: 3/4 levels left

rFire   . . .      SeeInvis .   d - +0 club
rCold   . . .      Faith    .   (no shield)
rNeg    . . .      Spirit   .   a - +1 robe
rPois   .          Reflect  .   (helmet restricted)
rElec   .          Harm     .   (no cloak)
rCorr   .          Rampage  .   (gloves unavailable)
Will    .....                   (boots unavailable)
Stlth   +.........              (no amulet)
HPRegen 0.90/turn               e - ring of flight
MPRegen 0.09/turn               (no ring)

@: lethally poisoned (0 -> -1), flying
A: large, unfitting armour, claws 3, regeneration 1, shaggy fur 1, tough skin 1
a: no special abilities


You were on level 2 of the Dungeon.
You visited 1 branch of the dungeon, and saw 2 of its levels.

You collected 61 gold pieces.

Inventory:

Hand Weapons
 d - a +0 club (weapon)
Armour
 a - a +1 robe (worn)
Jewellery
 e - a ring of flight (left claw)
Scrolls
 f - 3 scrolls of identify
Potions
 b - a potion of magic
 h - a potion of brilliance


   Skills:
 + Level 0.6 Maces & Flails
 + Level 2.0 Dodging
 - Level 1.0 Stealth
 + Level 1.3 Spellcasting
 + Level 3.6 Summonings


You had 3 spell levels left.
You knew the following spells:

 Your Spells              Type           Power      Damage    Failure   Level
a - Summon Small Mammal   Summ           28%        N/A       8%          1

Your spell library contained the following spells:

 Spells                   Type           Power      Damage    Failure   Level
 Call Imp                 Summ           7%         N/A       12%         2
 Call Canine Familiar     Summ           7%         N/A       22%         3
 Sandblast                Erth           0%         2d4       32%         1
 Summon Guardian Golem    Hex/Summ       4%         N/A       43%         3
 Passwall                 Tmut/Erth      0%         N/A       45%         2
 Stone Arrow              Conj/Erth      0%         3d7       69%         3
 Summon Lightning Spire   Summ/Air       4%         N/A       85%         4


Dungeon Overview and Level Annotations

Branches:
Dungeon (2/15)

Altars:


Innate Abilities, Weirdness & Mutations

You are too large for most types of armour.
You have claws for hands.
Your natural rate of healing is unusually fast.
You are covered in fur. (AC +1)
You have tough skin. (AC +1)


Message History

You are more poisoned.
The adder poisons you!
Your rat misses the adder. The adder bites you.
* * * LOW HITPOINT WARNING * * *
Your rat barely misses the adder.
You closely miss the adder.
The adder is heavily wounded.
* * * LOW HITPOINT WARNING * * *
You feel very sick. The adder bites you.
* * * LOW HITPOINT WARNING * * *
You are more poisoned.
The adder poisons you! The adder misses you.
Your rat closely misses the adder.
Your rat barely misses the adder.
The adder closely misses you.
It was a potion of curing.
You feel better. The adder bites you.
* * * LOW HITPOINT WARNING * * *
Your rat bites the adder.
The adder closely misses you.
Your rat misses the adder. The adder barely misses you.
It was a potion of degeneration.
There was something very wrong with that liquid.
You feel weakened.
You feel dopey.
You feel clumsy. The adder bites you.
* * * LOW HITPOINT WARNING * * *
Your rat misses the adder. The adder bites you.
* * * LOW HITPOINT WARNING * * *
You are poisoned.
The adder poisons you!
Your rat misses the adder.
As you read the scroll labelled REBOSY HUM, it crumbles to dust.
It is a scroll of amnesia.
Really abort (and waste the scroll)?
Okay, then.
You feel sick. The adder closely misses you.
The adder bites you but does no damage.
Your rat barely misses the adder.
Your rat bites the adder.
The adder barely misses you.
As you read the scroll labelled USOAJEMU BINO, it crumbles to dust.
It is a scroll of enchant armour.
Your +0 robe glows green for a moment.
You feel sick. The adder bites you but does no damage.
Your rat bites the adder.
The adder dies!
The adder bites you.
You die...

.####.......## #####
.......####..# .......#
#.##########
.##...######.#........#
......'...............#
......######..........#
......# ##.........#
......# #.........#
####### ##..@r....#
##.rS...## #......#
##.###.# #.# # #.. ###


You could see an adder (ally target) and 2 friendly rats.

Vanquished Creatures
  An adder (D:2)
  3 ball pythons (D:1)
  4 bats
  4 endoplasms
  2 giant cockroaches (D:1)
  3 hobgoblins
  2 kobolds (D:2)
  2 quokkas
  2 frilled lizards
  8 goblins
  A rat (D:1)
32 creatures vanquished.

Vanquished Creatures (collateral kills)
  An adder (D:2)
  An orc (D:2)
2 creatures vanquished.

Vanquished Creatures (others)
  5 plants (D:1)
5 creatures vanquished.

Grand Total: 39 creatures vanquished

Notes
Turn   | Place    | Note
-------+----------+-------------------------------------------
     0 | D:1      | zeram the Troll Summoner began the quest for the Orb.
     0 | D:1      | Reached XP level 1. HP: 16/16 MP: 1/1
    39 | D:1      | Reached skill level 3 in Summonings
    80 | D:1      | Reached XP level 2. HP: 24/24 MP: 2/2
   576 | D:1      | Found a faded altar of an unknown god.
  1032 | D:2      | Reached XP level 3. HP: 31/31 MP: 1/4
  1228 | D:2      | Slain by an adder

Illustrated notes

Levels and vault maps discovered:
D:1:      psy_arrival_conway, layout_loops_ring,
          shapermc_ecumenical_altar_ellora, minmay_stone_trees_medium,
          minmay_misc_feat_encased, serial_bayou_crossing
D:2:      layout_basic

Skill      XL: |  1  2  3 |
---------------+----------+-----
Summonings     | 3 |  3.6
Dodging        | 2 |  2.0
Maces & Flails | |  0.6
Stealth        | |  1.0
Spellcasting   | |  1.3

Action                   || total
-------------------------++-------
Melee: Unarmed           ||    13
       Club              ||   157
       Punch             ||     1
 Cast: Summon Small Mamm ||    11
  Use: Scroll            ||     3
       Potion            ||     2
 Stab: Sleeping          ||     1
Armor: Robe              ||    99
Dodge: Dodged            ||   121
